 Dungeon Crawl Stone Soup version 0.29.1-1-gd02db6906a (webtiles) character file.

Game seed: 17675196285451581673

65 greasedhog the Ruffian (level 4, -7/27 HPs)
             Began as a Gargoyle Transmuter on Sept 26, 2022.
             Mangled by Crazy Yiuf
             ... wielding a +4 quarterstaff of chaos
              (14 damage)
             ... on level 2 of the Dungeon.
             The game lasted 00:02:38 (3536 turns).

greasedhog the Ruffian (Gargoyle Transmuter)        Turns: 3536, Time: 00:02:39

Health: -7/27      AC:  6    Str: 26    XL:     4   Next: 13%
Magic:  24/25      EV: 11    Int: 13    God:
Gold:   146        SH:  0    Dex: 10    Spells: 1/7 levels left

rFire   . . .      SeeInvis .     - Unarmed
rCold   . . .      Faith    .   (no shield)
rNeg    + . .      Spirit   .   a - +0 robe
rPois   ∞          Reflect  .   (helmet currently unavailable)
rElec   +          Harm     .   (no cloak)
rCorr   .          Rampage  .   n - +0 pair of gloves "Atevowk" {MP+9 Str+10 Slay-2}
Will    .....                   (boots currently unavailable)
Stlth   +.........              (no amulet)
HPRegen 0.09/turn               c - ring of magical power
MPRegen 0.19/turn               (no ring)

@: appendages (expiring), slowed, very slow
A: horns 2, talons 2, sickness immunity, AC +3, negative energy resistance 1,
electricity resistance, torment resistance 1, petrification resistance
a: End Transformation


You were on level 2 of the Dungeon.
You had temporarily grown beastly horns and talons.
You visited 1 branch of the dungeon, and saw 2 of its levels.

You collected 146 gold pieces.

Inventory:

Armour
 a - a +0 robe (worn)
 k - a +0 helmet (melded)
 n - the +0 pair of gloves "Atevowk" (worn) {MP+9 Str+10 Slay-2}
   (You found it on level 2 of the Dungeon)

   Str:       It affects your strength (+10).
   Slay:      It affects your accuracy & damage with ranged weapons and melee
   (-2).
   MP:        It affects your magic capacity (+9).
Jewellery
 c - a ring of magical power (left hand)
 m - a ring of magical power
Scrolls
 d - a scroll of silence
 e - 2 scrolls of teleportation
 i - a scroll of amnesia
 l - a scroll of enchant armour
 o - a scroll of fear {unknown}
 p - 3 scrolls of blinking {unknown}
Potions
 b - a potion of lignification
 f - 2 potions of heal wounds
 g - a potion of brilliance
 h - a potion of berserk rage {unknown}
 j - 3 potions of attraction {unknown}


   Skills:
 * Level 2.5 Fighting
 - Level 1.5 Dodging
 * Level 3.7 Unarmed Combat
 - Level 2.0 Spellcasting
 * Level 2.3 Transmutations


You had one spell level left.
You knew the following spells:

 Your Spells              Type           Power      Damage    Failure   Level
a - Beastly Appendage     Tmut           14%        N/A       10%         1
b - Wereblood             Tmut           7%         N/A       14%         2
c - Spider Form           Tmut/Pois      4%         N/A       43%         3

Your spell library contained the following spells:

 Spells                   Type           Power      Damage    Failure   Level
 Ozocubu's Armour         Ice            1%         N/A       58%         3
 Ice Form                 Ice/Tmut       4%         N/A       83%         4
 Metabolic Englaciation   Hex/Ice        0%         N/A       100%        5
 Simulacrum               Ice/Necr       0%         N/A       100%        6


Dungeon Overview and Level Annotations

Branches:
Dungeon (2/15)

Altars:
Wu Jian

Annotations:
D:2 Crazy Yiuf


Innate Abilities, Weirdness & Mutations

You have temporarily grown beastly horns and talons.
You are immune to sickness and miasma.
Your stone body is resilient. (AC +3)
You are immune to poison.
You resist negative energy. (rN+)
You are resistant to electric shocks. (rElec)
You are resistant to unholy torment.
You are immune to petrification.


Message History

You grow a pair of large bovine horns.
Your feet morph into talons.
Your +0 helmet melds into your body.
Casting: Beastly Appendage (safe; 10% risk of failure)
Confirm with . or Enter, or press ? or * to list all spells.
You miscast Wereblood.
You are very lightly contaminated with residual magic.
Nothing appears to happen.
You open the door. You closely miss Crazy Yiuf.
Crazy Yiuf hits you with a +4 quarterstaff of chaos.
You hit Crazy Yiuf. You claw Crazy Yiuf, but do no damage.
Your headbutt misses Crazy Yiuf.
Crazy Yiuf is lightly wounded.
Crazy Yiuf hits you with a +4 quarterstaff of chaos!
You feel yourself slow down.
You closely miss Crazy Yiuf. Your kick misses Crazy Yiuf.
Crazy Yiuf is lightly wounded.
Crazy Yiuf barely misses you.
You closely miss Crazy Yiuf. Your kick misses Crazy Yiuf.
Crazy Yiuf is lightly wounded.
Your transformation is almost over.
Crazy Yiuf hits you with a +4 quarterstaff of chaos.
Crazy Yiuf burns you.
* * * LOW HITPOINT WARNING * * *
You hit Crazy Yiuf. Your kick misses Crazy Yiuf.
Your headbutt misses Crazy Yiuf.
Crazy Yiuf is moderately wounded.
Crazy Yiuf closely misses you. Crazy Yiuf barely misses you.
Your magical contamination has completely faded away.
You barely miss Crazy Yiuf. You claw Crazy Yiuf. You headbutt Crazy Yiuf.
Crazy Yiuf is severely wounded.
Crazy Yiuf says, "Mama!
Rot unthinkable aubergine."
Crazy Yiuf barely misses you.
You barely miss Crazy Yiuf. You claw Crazy Yiuf.
You headbutt Crazy Yiuf, but do no damage.
Crazy Yiuf is severely wounded.
Crazy Yiuf flaps his cloak.
Crazy Yiuf hits you with a +4 quarterstaff of chaos!
Ouch! That really hurt!
You die...

##.###....# #....# #....+....#
#....# ##### ##..###....# ♣....♣
#...# ......#....# ♣♣...♣ #...##
# ...........# ♣♣.♣♣ #.≈≈≈###
##..#.#....# ♣♣.♣ #..≈....
##..#.#....# ♣.♣♣ ###.......
......#.#### ♣♣.♣ #.........
##..#.#.##.# ♣@♣♣ #......≈..
........##.# #g# ###......≈..
........##.# ... #........≈≈.
........##.# #...# #.........≈.
...###...#.# #)..# #.........≈≈
.#...#.#.#.# ##### #.....#'###≈
...........# #.....+...'>
.#####.###.##### #####.....#.###.
......)).#)#...###.#.#######.###.


You could see Crazy Yiuf.

Vanquished Creatures
  An adder (D:2)
  3 dart slugs
  3 ball pythons (D:1)
  2 bats (D:1)
  3 endoplasms
  10 goblins
  6 hobgoblins
  5 kobolds (D:1)
  3 quokkas (D:1)
  6 frilled lizards
  3 rats (D:1)
45 creatures vanquished.

Notes
Turn   | Place    | Note
-------+----------+-------------------------------------------
     0 | D:1      | greasedhog the Gargoyle Transmuter began the quest for the
                  | Orb.
     0 | D:1      | Reached XP level 1. HP: 12/12 MP: 3/3
   360 | D:1      | Reached XP level 2. HP: 4/16 MP: 5/5
   595 | D:1      | Learned a level 2 spell: Wereblood
  1639 | D:1      | Reached XP level 3. HP: 21/21 MP: 6/6
  1745 | D:1      | Found a faded altar of an unknown god.
  2115 | D:1      | Learned a level 3 spell: Spider Form
  2477 | D:2      | Identified the +0 pair of gloves "Atevowk" {MP+9 Str+10
                  | Slay-2}
  2604 | D:2      | Reached XP level 4. HP: 24/27 MP: 7/7
  2650 | D:2      | Found an ornate altar of the Wu Jian Council.
  3326 | D:2      | Found a runed translucent door.
  3327 | D:2      | Noticed Crazy Yiuf
  3536 | D:2      | Mangled by Crazy Yiuf

Illustrated notes

Levels and vault maps discovered:
D:1:      matt_arrival_los_fun, layout_basic, basic_ecumenical_altar,
          minmay_cut_off
D:2:      kennysheep_the_goblin_king, layout_basic, basic_altar, serial_rivers,
          chequers_serial_rivers_small_b, chequers_serial_rivers_room_a,
          chequers_serial_rivers_small_3, chequers_serial_rivers_micro_c,
          chequers_serial_rivers_micro_b, chequers_serial_rivers_micro_a,
          minmay_crystal_room, nicolae_titane, uniq_crazy_yiuf_cottage

Skill      XL: |  1  2  3 |
---------------+----------+-----
Transmutations | 2 |  2.3
Fighting       | 2 |  2.5
Dodging        | |  1.5
Unarmed Combat | |  3.7
Spellcasting   | |  2.0

Action                   |  1- 3 |  4- 6 || total
-------------------------+-------+-------++-------
Melee: Unarmed           |   151 |    14 ||   165
       Punch             |     2 |       ||     2
       Headbutt          |     7 |     3 ||    10
       Kick              |     8 |     4 ||    12
 Cast: Beastly Appendage |    15 |     4 ||    19
       Wereblood         |     2 |       ||     2
  Use: Scroll            |     8 |       ||     8
Armor: Robe              |    56 |     2 ||    58
Dodge: Dodged            |    80 |     5 ||    85
